 Dungeon Crawl Stone Soup version 0.21-a0-630-g344d351 (webtiles) character file.

21315 zero the Unseen (level 12, -9/61 HPs)
             Began as a Spriggan Enchanter on Dec 25, 2017.
             Was a High Priest of Vehumet.
             Killed from afar by Azrael (36 damage)
             ... with a fireball
             ... on level 13 of the Dungeon.
             The game lasted 00:40:34 (19653 turns).

zero the Unseen (Spriggan Enchanter)               Turns: 19653, Time: 00:40:35

Health: -9/61      AC:  6    Str:  4    XL:     12   Next: 53%
Magic:  15/22      EV: 35    Int: 21    God:    Vehumet [*****.]
Gold:   934        SH:  0    Dex: 17    Spells: 0/23 levels left

rFire    . . .     SeeInvis +   t - +1 dagger (elec)
rCold    . . .     Gourm    .   (shield restricted)
rNeg     . . .     Faith    .   b - +1 robe
rPois    .         Spirit   .   (helmet restricted)
rElec    .         Reflect  .   N - +0 cloak
rCorr    .         Harm     .   (gloves unavailable)
MR       ++...                  (boots unavailable)
Stlth    +++++++...             (no amulet)
HPRegen  0.20/turn              g - ring of stealth
MPRegen  0.18/turn              K - +4 ring of evasion

@: very quick
A: very small, unfitting armour, iridescent scales 1, see invisible, herbivore,
speed 3, slow metabolism 2, wild magic 1
a: Renounce Religion


You were on level 13 of the Dungeon.
You worshipped Vehumet.
Vehumet was extremely pleased with you.
You were not hungry.

You visited 3 branches of the dungeon, and saw 17 of its levels.

You collected 934 gold pieces.

Inventory:

Hand Weapons
 t - a +1 dagger of electrocution (weapon)
 G - a +2 antimagic dagger
Armour
 b - a +1 robe (worn)
 N - a +0 cloak (worn)
Magical Staves
 x - an uncursed staff of summoning {!a}
Jewellery
 g - a ring of stealth (left hand)
 q - a +6 ring of dexterity
 D - a +4 ring of protection
 K - a +4 ring of evasion (right hand)
Wands
 e - a wand of acid (7)
 i - a wand of iceblast (15)
 u - a wand of flame (33)
 H - a wand of digging (17)
Scrolls
 a - a scroll of blinking
 f - 5 scrolls of fear
 n - 7 scrolls of remove curse
 o - a scroll of silence
 p - 6 scrolls of teleportation
 r - a scroll of amnesia
 E - a scroll of enchant armour
 I - a scroll of identify
 M - a scroll of magic mapping
Potions
 h - 5 potions of curing
 j - 3 potions of berserk rage
 k - a potion of agility
 l - a potion of ambrosia
 m - 3 potions of flight
 v - a potion of brilliance
 z - 3 potions of lignification
 B - a potion of heal wounds
 C - a potion of cancellation
 J - a potion of might
 L - a potion of resistance {unknown}
Books
 c - a book of Maledictions

   Spells                             Type                      Level
   a - Corona                         Hexes                        1
   b - Ensorcelled Hibernation        Hexes/Ice                    2
   c - Confuse                        Hexes                        3
   d - Tukima's Dance                 Hexes                        3
   e - Dazzling Spray                 Conjuration/Hexes            3
 s - a book of Cantrips

   Spells                             Type                      Level
   a - Confusing Touch                Hexes                        1
   b - Animate Skeleton               Necromancy                   1
   c - Summon Small Mammal            Summoning                    1
   d - Apportation                    Translocation                1
 w - a book of Changes

   Spells                             Type                      Level
   a - Beastly Appendage              Transmutation                1
   b - Sticks to Snakes               Transmutation                2
   c - Spider Form                    Transmutation/Poison         3
   d - Ice Form                       Ice/Transmutation            4
   e - Blade Hands                    Transmutation                5
 y - a book of Necromancy

   Spells                             Type                      Level
   a - Pain                           Necromancy                   1
   b - Animate Skeleton               Necromancy                   1
   c - Vampiric Draining              Necromancy                   3
   d - Regeneration                   Charms/Necromancy            3
   e - Animate Dead                   Necromancy                   4
   f - Borgnjor's Vile Clutch         Necromancy/Earth             5
 A - a book of Conjurations

   Spells                             Type                      Level
   a - Magic Dart                     Conjuration                  1
   b - Searing Ray                    Conjuration                  2
   c - Dazzling Spray                 Conjuration/Hexes            3
   d - Fulminant Prism                Conjuration/Hexes            4
   e - Force Lance                    Conjuration/Translocation    4
   f - Iskenderun's Mystic Blast      Conjuration                  4
Comestibles
 d - 17 rations


   Skills:
 - Level 6.0 Fighting
 - Level 10.0 Short Blades
 - Level 15.0 Dodging
 + Level 16.0 Stealth
 - Level 6.1 Spellcasting
 - Level 10.0 Hexes


You couldn't memorise any spells.
You knew the following spells:

 Your Spells              Type           Power        Failure   Level  Hunger
a - Corona                Hex            ######.      1%          1    None
b - Ensorcelled Hibernat  Hex/Ice        #####.       3%          2    None
c - Confuse               Hex            ######..     1%          3    ##.....
d - Apportation           Tloc           #.....       14%         1    None
e - Sticky Flame          Conj/Fire      #.......     28%         4    ####...
f - Conjure Flame         Conj/Fire      #.......     11%         3    ##.....
g - Olgreb's Toxic Radia  Pois           #.......     28%         4    ####...
h - Fireball              Conj/Fire      #.........   58%         5    #####..


Dungeon Overview and Level Annotations

Branches:
Dungeon (13/15)            Temple (1/1) D:4            Lair (3/6) D:9
    Orc (0/2) D:10
  Swamp: Lair:2-4    Shoals: Lair:2-4     Snake: Lair:2-4    Spider: Lair:2-4
 Vaults: D:13-14

Altars:
Ashenzari
Cheibriados
Dithmenos
Elyvilon
Fedhas
Gozag
Hepliaklqana
Kikubaaqudgha
Makhleb
Nemelex Xobeh
Okawaru
Qazlal
Ru
Sif Muna
Trog
Uskayaw
Vehumet
Wu Jian
Xom
Yredelemnul
Zin
The Shining One

Shops:
D:10 %

Annotations:
D:8 exclusion: door
D:13 Azrael, Rupert


Innate Abilities, Weirdness & Mutations

You are very small and have problems with some larger weapons.
You are too small for most types of armour.
You have supernaturally acute eyesight. (SInv)
You are a herbivore.
You cover ground extremely quickly.
You need consume almost no food.
You are partially covered in iridescent scales. (AC +2)
Your spells are a little harder to cast, but a little more powerful.


Message History

Vehumet accepts your kill.
You feel your power returning.
Casting: Ensorcelled Hibernation
Confirm with . or Enter, or press ? or * to list all spells.
Aiming: Ensorcelled Hibernation
Press: ? - help, Shift-Dir - straight line, f - Azrael
Aim: Azrael, wielding a scimitar of flaming (chance to defeat MR: 46%) Azrael resists with some effort.
Azrael gestures at you. The sticky flame misses you.
Casting: Ensorcelled Hibernation
Confirm with . or Enter, or press ? or * to list all spells.
Aiming: Ensorcelled Hibernation
Press: ? - help, Shift-Dir - straight line, f/p - Azrael
Aim: Azrael, wielding a scimitar of flaming (chance to defeat MR: 46%) Azrael resists with some effort.
Azrael gestures at you.
The fireball explodes!
The fireball engulfs you!
Ouch! That really hurt!
You die...

#E##..#
#h##..#
#§##..#
#E##..#
#§##..#
#R##<.# .
#§##..# ...
#§##..##...
....
#ER@.....>..
....
#...........
....
############
####


You could see Azrael and a fire elemental.

Vanquished Creatures
  An orc warlord (D:9)
  Erica (D:8)
  A two-headed ogre (D:8)
  2 orc knights (D:9)
  2 cyclopes
  A manticore (D:11)
  A centaur skeleton (D:10)
  A centaur zombie (D:12)
  A black mamba (Lair:3)
  4 komodo dragons
  3 trolls
  A polar bear (Lair:2)
  A hippogriff (D:8)
  A fire elemental (D:13)
  2 wyverns
  22 yaks
  Edmund (D:6)
  18 wargs
  3 water moccasins (Lair:2)
  2 hell hounds (D:13)
  2 porcupines (Lair:1)
  2 sky beasts (D:9)
  A black bear (D:7)
  5 ice beasts
  2 phantoms (D:12)
  10 orc warriors
  7 wolves
  A centaur (D:12)
  10 ogres
  2 crocodiles
  3 big kobolds
  10 bullfrogs
  A gnoll sergeant (D:10)
  A wyvern zombie (D:12)
  2 water moccasin zombies
  2 scorpions
  8 killer bees
  An electric eel (Lair:1)
  9 wights
  3 howler monkeys
  8 crimson imps
  A bullfrog zombie (D:6)
  A quasit (D:8)
  7 hounds
  4 jellies
  3 orc priests
  2 gnoll shamans
  2 bullfrog skeletons
  2 iguanas
  12 orc wizards
  7 worker ants
  A centaur simulacrum (D:8)
  A hound zombie (D:8)
  2 hound skeletons (D:5)
  2 worker ant zombies
  A howler monkey zombie (D:8)
  14 gnolls
  12 adders
  3 white imps (D:8)
  2 oozes
  An adder zombie (D:6)
  An adder skeleton (D:8)
  2 worms (D:2)
  3 dart slugs
  4 leopard geckos
  64 orcs
  6 giant cockroaches
  7 hobgoblins
  4 jackals (D:6)
  27 kobolds
  4 quokkas
  3 ball pythons
  A ball python skeleton (D:5)
  10 bats
  5 frilled lizards
  8 goblins
  9 rats (D:1)
  A rat zombie (D:7)
398 creatures vanquished.

Vanquished Creatures (others)
  A plant (D:9)
1 creature vanquished.

Grand Total: 399 creatures vanquished

Notes
Turn   | Place    | Note
-------+----------+-------------------------------------------
     0 | D:1      | zero the Spriggan Enchanter began the quest for the Orb.
     0 | D:1      | Reached XP level 1. HP: 9/9 MP: 5/5
   145 | D:1      | Reached XP level 2. HP: 13/13 MP: 6/6
   149 | D:1      | Learned a level 2 spell: Ensorcelled Hibernation
   189 | D:1      | Reached skill level 5 in Stealth
   558 | D:1      | Reached XP level 3. HP: 15/16 MP: 8/8
   579 | D:1      | Learned a level 3 spell: Confuse
  1766 | D:2      | Reached skill level 6 in Stealth
  2141 | D:2      | Reached XP level 4. HP: 21/21 MP: 9/9
  3018 | D:3      | Noticed an ice beast
  3034 | D:3      | Killed an ice beast
  3034 | D:3      | Reached skill level 7 in Stealth
  3034 | D:3      | Reached XP level 5. HP: 14/24 MP: 3/10
  3962 | D:4      | You fall through a shaft for 3 floors!
  4314 | D:6      | Gained mutation: You are partially covered in iridescent scales. (AC +2) [potion of mutation]
  4314 | D:6      | Gained mutation: Your spells are a little harder to cast, but a little more powerful. [potion of mutation]
  4345 | D:6      | Reached skill level 8 in Stealth
  4345 | D:6      | Reached XP level 6. HP: 19/28 MP: 1/11
  4376 | D:6      | Reached skill level 5 in Short Blades
  4753 | D:5      | Entered Level 5 of the Dungeon
  4874 | D:5      | Noticed an ice beast
  5061 | D:5      | Killed an ice beast
  5064 | D:5      | Reached XP level 7. HP: 26/32 MP: 0/13
  5639 | D:4      | Reached skill level 5 in Hexes
  5678 | D:4      | Found a staircase to the Ecumenical Temple.
  5722 | Temple   | Entered the Ecumenical Temple
  5812 | Temple   | Became a worshipper of Vehumet
  6649 | D:4      | Found a shimmering altar of Xom.
  7130 | D:5      | Reached XP level 8. HP: 32/36 MP: 4/16
  7500 | D:5      | Found an ornate altar of the Wu Jian Council.
  7828 | D:5      | Found a sparkling altar of Nemelex Xobeh.
  7865 | D:5      | Reached * piety under Vehumet
  7865 | D:5      | Offered knowledge of Sting by Vehumet.
  8394 | D:6      | Reached skill level 1 in Fighting
  8642 | D:6      | Noticed Edmund
  8649 | D:6      | Killed Edmund
  8649 | D:6      | Reached skill level 5 in Dodging
  9860 | D:7      | Reached ** piety under Vehumet
  9860 | D:7      | Offered knowledge of Freeze by Vehumet.
  9870 | D:7      | Reached XP level 9. HP: 44/44 MP: 14/17
 10039 | D:7      | Found an ancient bone altar of Kikubaaqudgha.
 10170 | D:8      | Noticed a two-headed ogre
 10199 | D:8      | Killed a two-headed ogre
 10199 | D:8      | Reached skill level 10 in Dodging
 10481 | D:8      | Learned a level 1 spell: Apportation
 10484 | D:8      | Noticed Erica
 10502 | D:8      | Killed Erica
 11123 | D:8      | Reached skill level 9 in Stealth
 11200 | D:8      | Found an opulent altar of Gozag.
 11217 | D:8      | Offered knowledge of Searing Ray by Vehumet.
 11221 | D:8      | Reached XP level 10. HP: 49/49 MP: 7/18
 11289 | D:8      | Reached *** piety under Vehumet
 11815 | D:10     | Entered Level 10 of the Dungeon
 11899 | D:9      | Reached skill level 10 in Stealth
 12251 | D:9      | Noticed an orc warlord
 12252 | D:9      | Offered knowledge of Sticky Flame by Vehumet.
 12290 | D:9      | Found a staircase to the Lair.
 12411 | D:9      | Noticed an orc knight
 12423 | D:9      | Killed an orc knight
 12423 | D:9      | Reached skill level 11 in Stealth
 12809 | D:9      | Reached skill level 12 in Stealth
 12814 | D:9      | Reached **** piety under Vehumet
 12814 | D:9      | Reached skill level 5 in Spellcasting
 12931 | D:9      | Learned a level 4 spell: Sticky Flame
 12934 | D:9      | Killed an orc warlord
 12960 | D:9      | Noticed an orc knight
 12967 | D:9      | Reached XP level 11. HP: 51/53 MP: 17/20
 13119 | D:9      | Offered knowledge of Conjure Flame by Vehumet.
 14101 | D:9      | Killed an orc knight
 14116 | Lair:1   | Entered Level 1 of the Lair of Beasts
 14126 | Lair:1   | Learned a level 3 spell: Conjure Flame
 14420 | Lair:1   | Reached skill level 13 in Stealth
 15266 | Lair:2   | Reached ***** piety under Vehumet
 15340 | Lair:2   | Offered knowledge of Olgreb's Toxic Radiance by Vehumet.
 15351 | Lair:2   | Learned a level 4 spell: Olgreb's Toxic Radiance
 15778 | Lair:2   | Reached skill level 5 in Fighting
 16129 | Lair:3   | Noticed a death yak
 16133 | Lair:3   | Noticed a death yak
 16133 | Lair:3   | Noticed a death yak
 16537 | Lair:3   | Reached skill level 10 in Hexes
 16542 | Lair:3   | Noticed a death yak
 16543 | Lair:3   | Noticed a death yak
 16652 | D:10     | Found Duacretz's Food Shop.
 16927 | D:10     | Found a staircase to the Orcish Mines.
 16989 | D:10     | Reached XP level 12. HP: 59/60 MP: 18/22
 17003 | D:10     | Reached skill level 14 in Stealth
 17666 | D:11     | Reached skill level 10 in Short Blades
 17970 | D:11     | Offered knowledge of Fireball by Vehumet.
 17982 | D:11     | Learned a level 5 spell: Fireball
 18804 | D:12     | Reached skill level 15 in Dodging
 18838 | D:12     | Reached skill level 15 in Stealth
 19550 | D:13     | Noticed Rupert
 19636 | D:13     | Noticed Azrael
 19644 | D:13     | Reached skill level 16 in Stealth
 19653 | D:13     | Killed from afar by Azrael

Vault maps used:
D:1:      dpeg_arrival_tiny_e
D:3:      first_ration, kennysheep_generic_room_9
D:4:      led_xom_imps, minmay_temple_entry_junction,
          nicolae_ossuary_entry_ruins, minmay_unequal
D:5:      nemelex_altar_shiori, kennysheep_mini_moat
D:6:      uniq_edmund
D:7:      lemuel_zombie_altar_kikubaaqudgha
D:8:      serial_ice, serial_ice_c, serial_ice_b, serial_ice_m, serial_ice_e,
          serial_ice_f, basic_altar, uniq_erica
D:9:      lemuel_castle_with_subvaults, lair_entry_dummy
D:10:     orc_0_dummy, serial_shops, shop
D:13:     special_room, uniq_azrael, uniq_rupert
Temple:   dpeg_five_rooms_temple
Lair:3:   elwin_shoals_entry_stream, grunt_megastairs_2,
          infiniplex_staircase_pool_2

Skill      XL: |  1  2  3  4  5  6  7  8  9 10 11 12 |
---------------+-------------------------------------+-----
Stealth        | 5 6 7 8 9 12 13 16 | 16.0
Short Blades   | 2 3 4 5 8 9 10 | 10.0
Spellcasting   | 3 4 5 6 |  6.1
Hexes          | 4 7 8 10 | 10.0
Fighting       | 3 5 6 |  6.0
Dodging        | 7 13 14 15 | 15.0

Action                   |  1- 3 |  4- 6 |  7- 9 | 10-12 || total
-------------------------+-------+-------+-------+-------++-------
Melee: Dagger            |   182 |   191 |   343 |   522 ||  1238
 Cast: Corona            |     4 |     3 |     1 |     3 ||    11
       Ensorcelled Hiber |     6 |    13 |   116 |   280 ||   415
       Confuse           |       |    12 |     6 |    31 ||    49
Evoke: Wand              |       |       |     4 |     8 ||    12
  Use: Scroll            |     1 |    10 |     9 |     9 ||    29
       Potion            |       |     1 |     1 |       ||     2
 Stab: Sleeping          |    12 |    17 |    66 |   160 ||   255
       Confused          |       |     5 |     3 |    15 ||    23
       Distracted        |       |     1 |     7 |     6 ||    14
  Eat: Ration            |       |     3 |     3 |     5 ||    11
Armor: Robe              |    22 |    22 |    32 |    23 ||    99
Dodge: Dodged            |   151 |   131 |   258 |   573 ||  1113

Table legend:
 A = Spawn XP
 B = Non-spawn XP
 C = Spawn XP percentage of total XP
 D = Spawn monster count
 E = Non-spawn monster count
 F = Spawn count percentage of total count
 G = Total turns spent on level
                    A         B        C        D         E        F      G
               +---------+---------+-------+---------+---------+-------+---------
         Total |       0 |   30451 |   0.0 |       0 |     398 |   0.0 | 19653
               +---------+---------+-------+---------+---------+-------+---------
           D:1 |       0 |      52 |   0.0 |       0 |      29 |   0.0 |   823
           D:2 |       0 |      63 |   0.0 |       0 |      20 |   0.0 |  1716
           D:3 |       0 |     189 |   0.0 |       0 |      19 |   0.0 |  1359
           D:4 |       0 |     552 |   0.0 |       0 |      16 |   0.0 |  1893
           D:5 |       0 |     520 |   0.0 |       0 |      19 |   0.0 |  1396
           D:6 |       0 |     726 |   0.0 |       0 |      20 |   0.0 |  1502
           D:7 |       0 |     706 |   0.0 |       0 |      25 |   0.0 |  1191
           D:8 |       0 |    3035 |   0.0 |       0 |      36 |   0.0 |  1611
           D:9 |       0 |    7906 |   0.0 |       0 |      74 |   0.0 |  2567
          D:10 |       0 |    2364 |   0.0 |       0 |      29 |   0.0 |   850
          D:11 |       0 |    3559 |   0.0 |       0 |      33 |   0.0 |  1245
          D:12 |       0 |    3305 |   0.0 |       0 |      35 |   0.0 |   844
          D:13 |       0 |     626 |   0.0 |       0 |       5 |   0.0 |    72
        Lair:1 |       0 |    3383 |   0.0 |       0 |      19 |   0.0 |   959
        Lair:2 |       0 |    2913 |   0.0 |       0 |      17 |   0.0 |  1245
        Lair:3 |       0 |     552 |   0.0 |       0 |       2 |   0.0 |    89
               +---------+---------+-------+---------+---------+-------+---------
